 Dungeon Crawl Stone Soup version 0.31-a0-466-g98c9adc2b6 (webtiles) character file.

Game seed: 3822599778584880342

178292 Gargoyl the Executioner (level 18, 0/127 HPs)
             Began as a Gargoyle Berserker on Aug 5, 2023.
             Was the Champion of Trog.
             Slain by ouz's ghost (9 damage)
             ... on level 2 of the Vaults.
             The game lasted 00:33:53 (24970 turns).

Gargoyl the Executioner (Gargoyle Berserker)       Turns: 24970, Time: 00:33:53

Health: 0/127      AC: 49    Str: 24    XL:     18   Next: 19%
Magic:  6/6        EV: 11    Int:  7    God:    Trog [******]
Gold:   1936       SH:  0    Dex: 17    Spells: 17/17 levels left

rFire   + . .        C - +8 Wrath of Trog {antimagic, *Rage Rampage}
rCold   + . .        (shield currently unavailable)
rNeg    + + +        f - +9 crystal plate armour "Xuof" {rN+ Dex+2}
rPois   ∞            L - -2 hat of the Alchemist {rElec rPois rF+ rC+ rN+ Will+ rMut rCorr}
rElec   +            M - scarf {repulsion}
rCorr   +            r - +2 pair of gloves
SInv    .            X - +0 pair of boots
Will    ++...        g - amulet of the acrobat Stlth
                     v - +4 ring of slaying
HPRegen 0.41/turn    t - +5 ring of evasion
MPRegen 0.10/turn

%: random rage (50%), repel missiles, acrobat, resist mutation, rampage
@: on berserk cooldown, flying, slowed, studying Ranged Weapons, very slow
A: sickness immunity, AC +13, big wings, negative energy resistance 1,
electricity resistance, torment resistance 1, petrification resistance
a: Renounce Religion, Berserk, Trog's Hand, Brothers in Arms


You were on level 2 of the Vaults.
You worshipped Trog.
Trog was exalted by your worship.
You visited 4 branches of the dungeon, and saw 24 of its levels.

You collected 2581 gold pieces.
You spent 645 gold pieces at shops.

Inventory:

Hand Weapons
 k - a +2 executioner's axe of flaming
 z - a +1 hand axe of draining
 B - a +4 trishula of holy wrath
 C - the +8 Wrath of Trog (weapon) {antimagic, *Rage Rampage}
   (You acquired it on level 9 of the Dungeon)

   It causes slowness and exhaustion when equipped.
   It extends the wielder's berserk rage when killing foes.
   *Rage:     It berserks you when you make melee attacks (+50% chance).
   Rampage:   It bestows one free step when moving towards enemies.
Missiles
 n - 57 poisoned darts (quivered)
 y - 2 curare-tipped darts
 F - a throwing net
Armour
 f - the +9 crystal plate armour "Xuof" (worn) {rN+ Dex+2}
   (You acquired it on level 1 of the Dungeon)

   Dex:       It affects your dexterity (+2).
   rN:        It protects you from negative energy.
 r - a +2 pair of gloves (worn)
 w - a +1 pair of boots
 L - the -2 hat of the Alchemist (worn) {rElec rPois rF+ rC+ rN+ Will+ rMut rCorr}
   (You acquired it on level 4 of the Lair of Beasts)

   rF:        It protects you from fire.
   rC:        It protects you from cold.
   rElec:     It insulates you from electricity.
   rPois:     It protects you from poison.
   rN:        It protects you from negative energy.
   rCorr:     It protects you from acid and corrosion.
   rMut:      It protects you from mutation.
   Will:      It increases your willpower.
 M - a scarf of repulsion (worn)
 X - a +0 pair of boots (worn)
Jewellery
 g - an amulet of the acrobat (around neck)
 o - a ring of positive energy
 p - a +6 ring of strength
 s - a ring of see invisible
 t - a +5 ring of evasion (right hand)
 v - a +4 ring of slaying (left hand)
 H - a ring of flight
 I - an amulet of regeneration
 J - a ring of protection from fire
 S - a ring of resist corrosion
Wands
 i - a wand of acid (8)
 m - a wand of flame (38)
 G - a wand of roots (24)
 K - a wand of charming (17)
 N - a wand of digging (11)
 R - a wand of mindburst (16)
Scrolls
 a - a scroll of silence
 b - 3 scrolls of blinking
 h - 6 scrolls of fog
 j - 5 scrolls of fear
 x - 8 scrolls of identify
 A - 2 scrolls of revelation
 Q - 10 scrolls of teleportation
 T - 3 scrolls of poison
 W - a scroll of brand weapon
 Y - 2 scrolls of enchant weapon
Potions
 c - 14 potions of curing
 d - 5 potions of might
 e - 4 potions of cancellation
 l - 7 potions of mutation
 q - 3 potions of haste
 u - 3 potions of enlightenment
 D - 7 potions of lignification
 O - 8 potions of ambrosia
 P - 2 potions of attraction
 U - 2 potions of resistance
 V - 3 potions of magic


   Skills:
 + Level 18.8 Fighting
 + Level 21.8 Axes
 + Level 0.8 Throwing
 + Level 14.9 Armour
 + Level 2.0 Dodging
 + Level 1.7 Stealth


You had 17 spell levels left.
You didn't know any spells.
Your spell library was empty.

Dungeon Overview and Level Annotations

Branches:
Dungeon (15/15)            Temple (0/1) D:5            Lair (5/5) D:9
  Swamp (0/4) Lair:3       Spider (0/4) Lair:3        Slime (0/5) Lair:4
    Orc (2/2) D:9             Elf (0/3) Orc:2        Vaults (2/5) D:13
 Depths (0/4) D:15
  Crypt: Vaults:2-3

Altars:
Ashenzari
Hepliaklqana
Kikubaaqudgha
Okawaru
Ru
Vehumet
Wu Jian

Shops:
D:4 ?   D:11 ?   Orc:2 :((?   Vaults:1 =

Annotations:
Lair:1 2 transporters, semitonal's ghost, novice OpSh
Vaults:2 6 runed translucent doors, ouz's ghost, adept DsGl


Innate Abilities, Weirdness & Mutations

You are immune to sickness and miasma.
Your stone body is resilient. (AC +13)
You are immune to poison.
Your large and strong wings let you fly.
You resist negative energy. (rN+)
You are resistant to electric shocks. (rElec)
You are resistant to unholy torment.
You are immune to petrification.


Message History

* * * LOW HITPOINT WARNING * * *
Ouz's ghost burns you.
* * * LOW HITPOINT WARNING * * *
You completely miss ouz's ghost.
Ouz's ghost is severely damaged.
Ouz's ghost hits you but does no damage. x2
You closely miss ouz's ghost.
Ouz's ghost is severely damaged.
Ouz's ghost hits you but does no damage.
You closely miss ouz's ghost.
Ouz's ghost is severely damaged.
Ouz's ghost takes a fighting stance.
Ouz's ghost barely misses you.
You barely miss ouz's ghost.
Ouz's ghost is severely damaged.
Ouz's ghost closely misses you.
You completely miss ouz's ghost.
Ouz's ghost is severely damaged.
Ouz's ghost completely misses you.
You barely miss ouz's ghost.
Ouz's ghost is severely damaged.
Ouz's ghost hits you but does no damage.
You completely miss ouz's ghost.
Ouz's ghost is severely damaged.
Ouz's ghost hits you!
* * * LOW HITPOINT WARNING * * *
Ouz's ghost burns you.
* * * LOW HITPOINT WARNING * * *
You closely miss ouz's ghost.
Ouz's ghost is severely damaged.
Ouz's ghost barely misses you.
Unknown command.
Okay, then.
Blink to where?
Press: ? - help, Dir - move target
As you read the scroll of blinking, it crumbles to dust.
You feel better. Ouz's ghost hits you!
* * * LOW HITPOINT WARNING * * *
Ouz's ghost hits you!
You die...

###+##+# #.'...' +?#..#.# ###...#
#.#..#.# ##'## #.#++#.# #.## #
#.+!.+.# #### # #.+))+.# #.
##############.#§'#.# ##
#...........##.#W)#.#
#.####..#'#.##.#@.#.#
'.#[.##†#.#.####+################
#.##)##.#.#.#....................
#..#..'.###.#....................
#..#######..#....................
#.###.'..'..#....................
#.#)#.#####.#....................
#.#.####).'.'.....###############
'.#'#..####.#.....# #....#....


You could see ouz's ghost.

Vanquished Creatures
  Mennas (Vaults:2)
  Saint Roka (Vaults:2)
  A lich (Vaults:1)
  A sphinx (Vaults:1)
  Gastronok (Lair:3)
  2 tengu reavers (Vaults:1)
  2 fire giants (Vaults:1)
  3 vault wardens
  2 orc warlords
  2 ironbound preservers (Vaults:1)
  2 very ugly things (D:15)
  2 ironbound thunderhulks (Vaults:1)
  A war gargoyle (Vaults:1)
  A stone giant (Vaults:1)
  7 dire elephants
  A deep elf death mage (Vaults:1)
  A fire dragon (D:14)
  6 great orbs of eyes
  4 yaktaur captains
  3 entropy weavers
  3 hydras
  2 vault guards
  Erolcha (Orc:2)
  10 ironbound frosthearts
  3 catoblepae
  A merfolk avatar (Lair:5)
  2 ogre magi
  10 centaur warriors
  19 death yaks
  7 boulder beetles
  5 two-headed ogres
  Urug (D:10)
  Nergalle (Orc:2)
  Amaemon (D:9)
  4 skysharks
  A skeletal warrior (D:13)
  2 sea snakes (Lair:5)
  A swamp dragon (shapeshifter) (Vaults:1)
  3 glowing orange brains
  8 lindwurms
  7 deep trolls (Vaults:1)
  4 wizards (Vaults:2)
  10 ironbound convokers
  A deep elf archer (D:13)
  3 spriggan simulacra (D:14)
  7 harpies (Vaults:1)
  10 orc sorcerers
  3 deep elf pyromancers (D:13)
  3 orc knights
  2 deep elf zephyrmancers (D:13)
  2 fauns (shapeshifter)
  2 oklob plants (Lair:1)
  4 manticores
  3 cyclopes
  19 ugly things
  2 black mambas
  2 guardian serpents (D:14)
  10 vault sentinels
  2 torpor snails
  10 cane toads
  Maggie (D:8)
  8 gargoyles
  3 centaur skeletons (D:13)
  7 rime drakes
  An orange demon (D:9)
  2 efreet
  An unseen horror (D:10)
  3 kobold demonologists (D:13)
  10 komodo dragons
  11 yaktaurs
  A freezing wraith (D:15)
  The ghost of Ethylacetat the Ruffian, a novice VSMo of Dithmenos (D:6)
  3 trolls
  2 wind drakes (Lair:5)
  4 tyrant leeches (Lair:3)
  3 meliai (Lair:4)
  A queen bee (Lair:4)
  2 hornets
  4 polar bears
  24 blink frogs
  20 slime creatures
  A shadow (D:15)
  3 dire elephant simulacra (D:14)
  3 wraiths
  9 wyverns
  57 yaks
  7 basilisks
  7 steam dragons
  4 redbacks
  A minotaur simulacrum (D:14)
  15 vampire mosquitoes
  3 swamp worms (Lair:3)
  2 wargs
  17 water moccasins
  2 acid dragons
  A naga (shapeshifter) (D:12)
  An ice beast (D:7)
  23 orc warriors
  17 ogres
  11 wolves
  5 boggarts (Vaults:1)
  7 centaurs
  6 kobold brigands
  3 phantoms
  4 gnoll sergeants (D:9)
  15 bullfrogs
  A deep troll simulacrum (D:14)
  2 scorpions (D:6)
  29 killer bees
  2 howler monkeys
  9 jellies
  5 hounds
  14 orc priests
  Crazy Yiuf (D:7)
  A gnoll bouda (D:7)
  2 sleepcaps
  Ijyb (D:4)
  4 iguanas
  45 orc wizards
  A boggart skeleton (D:13)
  9 adders
  5 gnolls
  A river rat (D:5)
  A shadow imp (D:6)
  4 worms
  3 dart slugs (D:1)
  117 orcs
  9 bats
  20 endoplasms
  5 giant cockroaches
  4 goblins
  7 hobgoblins
  9 jackals
  9 kobolds
  3 quokkas
  9 ball pythons
  2 frilled lizards
  11 rats
  A spectral weapon (D:13)
917 creatures vanquished.

Vanquished Creatures (collateral kills)
  2 dire elephants (Vaults:1)
2 creatures vanquished.

Vanquished Creatures (others)
  An unseen horror (D:13)
  A komodo dragon (Lair:5)
  2 orc wizards
  An orc (D:5)
5 creatures vanquished.

Grand Total: 924 creatures vanquished

Notes
Turn   | Place    | Note
-------+----------+-------------------------------------------
     0 | D:1      | Gargoyl the Gargoyle Berserker began the quest for the Orb.
     0 | D:1      | Reached XP level 1. HP: 14/14 MP: 1/1
   134 | D:1      | Reached XP level 2. HP: 19/19 MP: 2/2
   146 | D:1      | Reached skill level 3 in Axes
   337 | D:1      | Reached XP level 3. HP: 14/24 MP: 3/3
   565 | D:1      | Identified a scroll of acquirement
   565 | D:1      | Acquired the +9 crystal plate armour "Xuof" {rN+ Dex+2}
   713 | D:2      | Reached ** piety under Trog
   915 | D:2      | Reached XP level 4. HP: 29/29 MP: 4/4
  1567 | D:3      | Reached skill level 4 in Axes
  1597 | D:3      | Reached XP level 5. HP: 33/33 MP: 5/5
  1893 | D:3      | Found an iron altar of Okawaru.
  1961 | D:3      | Found a faded altar of an unknown god.
  2015 | D:3      | Found a sacrificial altar of Ru.
  2464 | D:4      | Reached *** piety under Trog
  2543 | D:4      | Found Nilol's Magic Scroll Boutique.
  2568 | D:4      | Noticed Ijyb
  2584 | D:4      | Killed Ijyb
  3000 | D:4      | Reached XP level 6. HP: 35/39 MP: 6/6
  3225 | D:5      | Entered Level 5 of the Dungeon
  3227 | D:5      | Gained mutation: You have a somewhat thin skeletal
                  | structure. (Dex +2, Stealth+) [potion of mutation]
  3227 | D:5      | Gained mutation: You passively dampen the noise of your
                  | surroundings. [potion of mutation]
  3276 | D:5      | Reached skill level 5 in Axes
  3301 | D:5      | Found a staircase to the Ecumenical Temple.
  3428 | D:5      | Reached XP level 7. HP: 44/44 MP: 7/7
  3434 | D:5      | Reached skill level 5 in Fighting
  3766 | D:5      | Noticed a steam dragon
  3779 | D:5      | Killed a steam dragon
  3780 | D:5      | Reached skill level 6 in Axes
  4237 | D:6      | Found a runed translucent door.
  4237 | D:6      | Noticed Ethylacetat's ghost (novice VSMo)
  4237 | D:6      | Noticed a manticore
  4250 | D:6      | Killed Ethylacetat's ghost
  4251 | D:6      | Reached skill level 7 in Axes
  4251 | D:6      | Reached XP level 8. HP: 51/51 MP: 8/8
  4257 | D:6      | Killed a manticore
  4258 | D:6      | Reached skill level 8 in Axes
  4420 | D:6      | Reached skill level 5 in Armour
  4438 | D:6      | Reached XP level 9. HP: 55/55 MP: 9/9
  4593 | D:6      | Reached **** piety under Trog
  4715 | D:6      | Reached skill level 9 in Axes
  5466 | D:7      | Found a runed translucent door.
  5467 | D:7      | Noticed Crazy Yiuf
  5611 | D:7      | Reached skill level 10 in Axes
  5735 | D:7      | Killed Crazy Yiuf
  5956 | D:8      | Noticed Maggie
  5966 | D:8      | Killed Maggie
  5967 | D:8      | Reached XP level 10. HP: 63/63 MP: 10/10
  6273 | D:8      | Noticed a red ugly thing
  6283 | D:8      | Killed a red ugly thing
  6284 | D:8      | Reached skill level 11 in Axes
  6397 | D:8      | Found a broken altar of Ashenzari.
  6411 | D:8      | Found a hazy altar of Hepliaklqana.
  6712 | D:9      | Acquired the +8 Wrath of Trog {antimagic, *Rage Rampage}
  6712 | D:9      | Found the +8 Wrath of Trog {antimagic, *Rage Rampage}
  6934 | D:9      | Noticed Amaemon
  6934 | D:9      | Noticed an orange demon
  6939 | D:9      | Killed an orange demon
  6947 | D:9      | Killed Amaemon
  7076 | D:9      | Noticed a two-headed ogre
  7081 | D:9      | Killed a two-headed ogre
  7115 | D:9      | Reached skill level 12 in Axes
  7150 | D:9      | Found a staircase to the Orcish Mines.
  7153 | D:9      | Reached XP level 11. HP: 63/69 MP: 3/11
  7336 | D:9      | Found a staircase to the Lair.
  7704 | Lair:1   | Entered Level 1 of the Lair of Beasts
  7704 | Lair:1   | Noticed a skyshark
  7712 | Lair:1   | Killed a skyshark
  7873 | Lair:1   | You fall into a shaft and drop 1 floor!
  7933 | Lair:1   | Reached skill level 13 in Axes
  8000 | Lair:1   | Noticed semitonal's ghost (novice OpSh)
  8032 | Lair:1   | Noticed a skyshark
  8033 | Lair:1   | Found a transporter.
  8033 | Lair:1   | Found a transporter.
  8098 | Lair:1   | Noticed an eight-headed hydra
  8188 | Lair:1   | Noticed an oklob plant
  8201 | Lair:1   | Killed an oklob plant
  8276 | Lair:1   | Reached ***** piety under Trog
  8325 | Lair:1   | Noticed an oklob plant
  8338 | Lair:1   | Killed an oklob plant
  8417 | Lair:1   | Reached XP level 12. HP: 77/77 MP: 4/12
  8421 | Lair:1   | Reached skill level 10 in Fighting
  8669 | Lair:1   | Reached skill level 14 in Axes
  9582 | Lair:3   | Noticed a five-headed hydra
  9582 | Lair:3   | Noticed Gastronok
  9594 | Lair:3   | Killed Gastronok
  9596 | Lair:3   | Killed a ten-headed hydra
  9674 | Lair:3   | Reached skill level 15 in Axes
  9964 | Lair:3   | Received a gift from Trog
 10036 | Lair:3   | Found a hole to the Spider Nest.
 10180 | Lair:3   | Noticed a skyshark
 10189 | Lair:3   | Killed a skyshark
 10216 | Lair:3   | Reached XP level 13. HP: 82/84 MP: 4/13
 10631 | Lair:3   | Found a staircase to the Swamp.
 10822 | Lair:4   | Found a staircase to the Slime Pits.
 10926 | Lair:4   | Reached skill level 16 in Axes
 10926 | Lair:4   | Reached skill level 10 in Armour
 11079 | Lair:4   | Acquired the -2 hat of the Alchemist {rElec rPois rF+ rC+
                  | rN+ Will+ rMut rCorr}
 11079 | Lair:4   | Found the -2 hat of the Alchemist {rElec rPois rF+ rC+ rN+
                  | Will+ rMut rCorr}
 11346 | Lair:4   | Received a gift from Trog
 11534 | Lair:4   | Found an iron altar of Okawaru.
 11932 | Lair:5   | Entered Level 5 of the Lair of Beasts
 11944 | Lair:5   | Reached skill level 17 in Axes
 11955 | Lair:5   | Gained mutation: Your large and strong wings let you fly.
                  | [Gargoyle growth]
 11955 | Lair:5   | Reached XP level 14. HP: 92/92 MP: 4/14
 12518 | Lair:5   | Reached skill level 1 in Stealth
 12841 | Lair:5   | Identified the +3 trident of Ellaidue {venom, Will+ rCorr
                  | Str+2 SInv}
 12900 | Lair:5   | Reached skill level 18 in Axes
 13071 | Lair:5   | Reached ****** piety under Trog
 14069 | D:10     | Entered Level 10 of the Dungeon
 14069 | D:10     | Noticed Urug
 14074 | D:10     | Killed Urug
 14345 | D:10     | Received a gift from Trog
 14437 | D:10     | Found an ornate altar of the Wu Jian Council.
 14994 | D:11     | Found Oqocvieps's Magic Scroll Emporium.
 14997 | D:11     | Bought a scroll of enchant armour for 135 gold pieces
 14997 | D:11     | Bought a scroll of blinking for 135 gold pieces
 14997 | D:11     | Bought a scroll of fear for 72 gold pieces
 14997 | D:11     | Bought a scroll of blinking for 135 gold pieces
 15121 | D:11     | Reached XP level 15. HP: 100/100 MP: 5/15
 16248 | D:13     | Received a gift from Trog
 16324 | D:13     | Reached skill level 19 in Axes
 16357 | D:13     | Found a gate to the Vaults.
 17428 | D:14     | Identified the +2 chain mail of Elyvilon's Envy {Str+4}
 17533 | D:14     | Reached skill level 15 in Fighting
 17902 | D:14     | Received a gift from Trog
 18251 | D:14     | Reached XP level 16. HP: 108/108 MP: 5/16
 18337 | D:15     | Entered Level 15 of the Dungeon
 18364 | D:15     | Reached skill level 20 in Axes
 18388 | D:15     | Identified the +0 robe of Action {rElec Will+ Str+2 Dex-2}
 18807 | D:15     | Found a staircase to the Depths.
 18987 | Orc:1    | Entered Level 1 of the Orcish Mines
 19183 | Orc:2    | Entered Level 2 of the Orcish Mines
 19443 | Orc:2    | Found a staircase to the Elven Halls.
 19919 | Orc:2    | Found Eraatuv's Antique Weapon Shop.
 19922 | Orc:2    | Received a gift from Trog
 19993 | Orc:2    | Found a radiant altar of Vehumet.
 19994 | Orc:2    | Noticed Erolcha
 20005 | Orc:2    | Killed Erolcha
 20062 | Orc:2    | Found Xerob's Magic Scroll Shop.
 20062 | Orc:2    | Found Qofy's Book Boutique.
 20063 | Orc:2    | Paralysed by an orc sorcerer for 4 turns
 20095 | Orc:2    | Found Qisecs's Antique Weapon Boutique.
 20098 | Orc:2    | Bought a scroll of enchant weapon for 120 gold pieces
 20098 | Orc:2    | Bought a scroll of teleportation for 48 gold pieces
 20120 | Orc:2    | Noticed Nergalle
 20121 | Orc:2    | Found an ancient bone altar of Kikubaaqudgha.
 20128 | Orc:2    | Killed Nergalle
 20627 | Vaults:1 | Entered Level 1 of the Vaults
 20898 | Vaults:1 | Found Nacig's Jewellery Shoppe.
 20936 | Vaults:1 | Found a transporter.
 20936 | Vaults:1 | Noticed a lich
 20954 | Vaults:1 | Noticed a tengu reaver
 20991 | Vaults:1 | Found a transporter.
 21390 | Vaults:1 | Identified the +4 plate armour of the Eternal Fruit
                  | {Rampage}
 21645 | Vaults:1 | Noticed a tengu reaver
 21663 | Vaults:1 | Killed a tengu reaver
 21664 | Vaults:1 | Reached XP level 17. HP: 72/116 MP: 5/17
 21665 | Vaults:1 | Lost mutation: You passively dampen the noise of your
                  | surroundings. [potion of mutation]
 21665 | Vaults:1 | Lost mutation: You have a somewhat thin skeletal structure.
                  | (Dex +2, Stealth+) [potion of mutation]
 21774 | Vaults:1 | Noticed a sphinx
 21781 | Vaults:1 | Killed a sphinx
 21781 | Vaults:1 | Received a gift from Trog
 22047 | Vaults:1 | Reached skill level 21 in Axes
 22623 | Vaults:1 | Received a gift from Trog
 22860 | Vaults:1 | Killed a lich
 23129 | Vaults:1 | Identified the +2 hat of the Giraffatuar {Dex+5}
 23250 | Vaults:2 | Noticed Mennas
 23268 | Vaults:2 | Killed Mennas
 23651 | Vaults:2 | Paralysed by a great orb of eyes for 5 turns
 23877 | Vaults:2 | Reached XP level 18. HP: 126/126 MP: 6/18
 23915 | Vaults:2 | Found a large runed translucent door.
 23915 | Vaults:2 | Found a large runed translucent door.
 23915 | Vaults:2 | Found a large runed translucent door.
 23915 | Vaults:2 | Found a large runed translucent door.
 23915 | Vaults:2 | Found a large runed translucent door.
 23915 | Vaults:2 | Found a large runed translucent door.
 23915 | Vaults:2 | Found a large runed translucent door.
 23915 | Vaults:2 | Found a large runed translucent door.
 23915 | Vaults:2 | Noticed ouz's ghost (adept DsGl)
 23988 | Vaults:2 | Noticed Saint Roka
 24016 | Vaults:2 | Killed Saint Roka
 24400 | Vaults:2 | Received a gift from Trog
 24970 | Vaults:2 | Slain by ouz's ghost

Illustrated notes

Levels and vault maps discovered:
D:1:      ebering_trefoil_twist, layout_rooms, serial_glass, glass_columns_a,
          glass_columns_b, minmay_strange_pillars, feat_on_display
D:2:      layout_loops_corners
D:3:      layout_loops_cross, nicolae_ru_awakened_eye, lemuel_doored_altar,
          nicolae_ecumenical_oubliette
D:4:      layout_loops_ring, nicolae_take_the_stairs,
          minmay_fractal_squares_gapless_5, uniq_ijyb
D:5:      layout_basic, minmay_temple_entry_statues_fountains,
          portal_sewer_entry_e
D:6:      layout_loops_ring, ebering_ghost_inner_flame
D:7:      layout_loops_ring, minmay_manual_mail, uniq_crazy_yiuf_cottage
D:8:      layout_loops_ring, minitemple, hangedman_decor_points, uniq_maggie
D:9:      layout_irregular_city, lair_entry_dummy,
          kennysheep_orc_monster_closet_entryway, uniq_amaemon
D:10:     layout_irregular_city, nicolae_wu_jian_immortal_techniques, uniq_urug
D:11:     layout_basic, serial_shops, nicolae_shop_rolled_up
D:12:     layout_small_grid, kennysheep_dice
D:13:     minmay_box_of_statues, layout_loops_ring,
          hangedman_vaults_entry_quadrant_bands
D:14:     nrook_guardian_serpent_snake_passage, layout_basic,
          corexii_corridor_pit, portal_ice_cave_entry_ice_simulacra,
          chequers_serial_rivers_large_a, minmay_gold_behind_fungi
D:15:     gammafunk_enter_depths_forms, layout_loops_cross, glass_columns_b,
          nicolae_shop_clearance
Lair:1:   lemuel_slime, layout_cave_pods, nzn_ghost_randoct,
          minmay_lair_oklob_items
Lair:2:   layout_regular_city, columned_hall_lemuel
Lair:3:   layout_small_grid, minmay_swamp_entry_worms, spider_nest_entry_webs,
          pdpol_lair_neglected_garden, st_stairs_3, beast_lair_carwin_5,
          grunt_megastairs_3, uniq_gastronok
Lair:4:   layout_roguey [special_room_bee], slime_entry_1, basic_altar,
          chequers_serial_rivers_micro_a
Lair:5:   gammafunk_lair_ancient_temple, layout_layer_cave,
          nicolae_lair_yak_garden
Orc:1:    layout_diamond_mine, mines4_lemuel
Orc:2:    kennysheep_orc_mage_school, layout_caves, nicolae_orc_lava_room
Vaults:1: v_misc_14, gammafunk_the_bubble [the_bubble_gammafunk_grid],
          v_misc_30, nicolae_vaults_circle_grid_a, v_rooms_1, v_pattern_3,
          nicolae_vaults_asterisk, nicolae_vaults_twisting_passages,
          nicolae_vaults_storage_closets_1, grunt_vaults_trifunnel,
          nicolae_vaults_tangram_2, vaults_room_door_ring,
          ontoclasm_vaults_gateway, layout_vaults_omnibox, serial_shops, shop
Vaults:2: advil_vaults_ghost_lines, nicolae_vaults_closet_pinwheel_5,
          nicolae_vaults_shrinking_rooms_1, nicolae_vaults_back_hallway,
          nicolae_vaults_doubleplus_tesselated,
          nicolae_vaults_storage_closets_2, hangedman_vaults_pinch,
          nicolae_vaults_closet_pinwheel_6, ontoclasm_vaults_claustrophobia,
          ontoclasm_vaults_ligature, layout_vaults_ring, uniq_mennas,
          uniq_saint_roka

Skill      XL: |  1  2  3  4  5  6  7  8  9 10 11 12 13 14 15 16 17 |
---------------+----------------------------------------------------+-----
Axes           | 3 4 5 7 8 10 12 13 15 17 18 19 20 21 | 21.8
Fighting       | 4 5 6 7 8 9 11 12 13 15 16 18 | 18.8
Dodging        | 2 |  2.0
Armour         | 3 4 5 6 8 9 10 11 12 13 14 | 14.9
Stealth        | 1 |  1.7
Throwing       | |  0.8

Action                     |  1- 3 |  4- 6 |  7- 9 | 10-12 | 13-15 | 16-18 || total
---------------------------+-------+-------+-------+-------+-------+-------++-------
  Melee: Hand axe          |    84 |   273 |   305 |    94 |       |       ||   756
         Punch             |       |     1 |     3 |     2 |       |       ||     6
         Battleaxe         |       |       |       |   286 |   681 |   759 ||  1726
  Throw: Dart              |       |     2 |       |       |     1 |     3 ||     6
 Invoke: Berserk           |     1 |     2 |     4 |     2 |       |       ||     9
         Trog's Hand       |       |     1 |     3 |     3 |     3 |     2 ||    12
         Brothers in Arms  |       |       |       |       |     1 |     2 ||     3
    Use: Scroll            |     4 |    11 |       |     5 |    15 |     1 ||    36
         Potion            |       |     1 |       |       |     2 |     3 ||     6
   Stab: Sleeping          |     1 |       |       |       |       |       ||     1
         Petrified         |       |       |       |       |     3 |       ||     3
 Armour: Animal skin       |    47 |       |       |       |       |       ||    47
         Crystal plate arm |    27 |   256 |   196 |   319 |   486 |   469 ||  1753
  Dodge: Dodged            |    71 |   107 |   119 |   238 |   447 |   316 ||  1298
         Repelled          |       |       |       |     1 |     6 |     1 ||     8

Table legend: (Time is in decaauts)
 A = Elapsed time spent in this place.
 B = Non-inter-level travel time spent in this place.
 C = Inter-level travel time spent in this place.
 D = Time resting spent in this place.
 E = Time spent auto-exploring this place.
 F = Levels seen in this place.
 G = Mean time per level.
                   A        B        C        D        E       F      G
               +--------+--------+--------+--------+--------+-----+--------+
         Total |  26152 |  24652 |   1500 |   1285 |  17702 |  24 | 1089.7 |
       Dungeon |  13663 |  12574 |   1089 |    362 |   9302 |  15 |  910.9 |
          Lair |   6403 |   6183 |    220 |    250 |   4511 |   5 | 1280.6 |
  Orcish Mines |   1561 |   1494 |     67 |     38 |   1055 |   2 |  780.5 |
        Vaults |   4524 |   4402 |    122 |    634 |   2832 |   2 | 2262.0 |
               +--------+--------+--------+--------+--------+-----+--------+

Top non-repeatable levels by time:
Vaults:1: 2697 daAuts
Vaults:2: 1826 daAuts
  Lair:5: 1775 daAuts
    D:13: 1367 daAuts
  Lair:3: 1343 daAuts
     D:9: 1215 daAuts
  Lair:4: 1206 daAuts
  Lair:1: 1161 daAuts
    D:14: 1152 daAuts
   Orc:2: 1089 daAuts
     D:5: 1021 daAuts
     D:8: 944 daAuts
     D:2: 927 daAuts
  Lair:2: 917 daAuts
     D:3: 915 daAuts
